 Dungeon Crawl Stone Soup version 0.29-a0-322-g68df515428 (webtiles) character file.

Game seed: 1010180094842814008

34 melchezedek the Slasher (level 3, -2/33 HPs)
             Began as a Minotaur Berserker on Dec 23, 2021.
             Was a Follower of Trog.
             Succumbed to Ijyb's poison
             ... on level 3 of the Dungeon on Apr 5, 2022.
             The game lasted 00:07:25 (865 turns).

melchezedek the Slasher (Minotaur Berserker)         Turns: 865, Time: 00:07:26

Health: -2/33      AC:  2    Str: 23    XL:     3   Next: 14%
Magic:  2/2        EV: 12    Int:  4    God:    Trog [*.....]
Gold:   56         SH:  0    Dex:  9    Spells: 2/2 levels left

rFire   . . .      SeeInvis .   a - +0 falchion
rCold   . . .      Faith    .   (no shield)
rNeg    . . .      Spirit   .   b - +0 animal skin
rPois   .          Reflect  .   (helmet restricted)
rElec   .          Harm     .   (no cloak)
rCorr   .          Rampage  .   (no gloves)
Will    .....                   (no boots)
Stlth   +.........              (no amulet)
HPRegen 0.11/turn               (no ring)
MPRegen 0.08/turn               (no ring)

@: confused, lethally poisoned (-2 -> -13)
A: horns 2, retaliatory headbutt
a: Renounce Religion, Berserk


You were on level 3 of the Dungeon.
You worshipped Trog.
Trog was aware of your devotion.
You visited 1 branch of the dungeon, and saw 3 of its levels.

You collected 56 gold pieces.

Inventory:

Hand Weapons
 a - a +0 falchion (weapon)
 f - a +0 hunting sling
Missiles
 e - 21 sling bullets
 h - 16 stones (quivered)
Armour
 b - a +0 animal skin (worn)
Scrolls
 c - a scroll of teleportation {unknown}
 g - a scroll of fog {unknown}
 i - a scroll of identify {unknown}
Potions
 d - a potion of flight {unknown}
 j - a potion of resistance {unknown}


   Skills:
 + Level 4.1 Fighting
 + Level 4.2 Long Blades
 + Level 2.9 Armour
 + Level 2.6 Dodging


You had 2 spell levels left.
You didn't know any spells.
Your spell library was empty.

Dungeon Overview and Level Annotations

Branches:
Dungeon (3/15)

Altars:
Gozag

Shops:
D:1 (

Annotations:
D:3 Ijyb


Innate Abilities, Weirdness & Mutations

You have a pair of horns on your head.
You reflexively headbutt those who attack you in melee.


Message History

Press: ? - help, Q - select action Shift-Dir - straight line, f - Ijyb
Aim: Ijyb, wielding a +0 dagger of venom, wearing a +0 leather armour and carrying a wand of charming (8) (47% to hit)
You throw a stone. The stone hits Ijyb but does no damage.
Ijyb zaps a wand.
Your will is overpowered!
You are confused.
Non-targeted confused throw: 18 stones
Press: ? - help, Q - select action Dir - look around, f - activate You throw a stone.
Non-targeted confused throw: 17 stones
Press: ? - help, Q - select action Dir - look around, f - activate You throw a stone.
An orc comes into view.
It is wielding a +0 falchion and wearing a +2 chain mail of positive energy.
Ijyb hits you with a +0 dagger of venom.
You are poisoned.
You hit Ijyb. Your headbutt misses Ijyb.
Ijyb is lightly wounded.
You feel very sick. The orc completely misses you.
Ijyb zaps a wand.
Your will is overpowered!
You are more confused.
You bump into the rock wall.
You feel very sick. Ijyb barely misses you. The orc misses you.
You bump into the rock wall.
You feel sick.
Ijyb hits you with a +0 dagger of venom.
You are lethally poisoned!
The orc misses you. The orc barely misses you.
The orc attacks as you move away! The orc hits you with a +0 short sword.
* * * LOW HITPOINT WARNING * * *
The orc attacks as you move away! The orc barely misses you.
* * * LOW HITPOINT WARNING * * *
You feel very sick. Ijyb completely misses you.
You see here a stone.
You bump into the rock wall.
* * * LOW HITPOINT WARNING * * *
You feel very sick. The orc completely misses you. The orc barely misses you.
Ijyb barely misses you.
You bump into the rock wall.
You die...

..... (... #...
... ..# #.###
#...##
...####@#..#
#....ogo#
#......oo.......
................
................
(...............
................
...[............
#........#######


You could see Ijyb and 4 orcs.

Vanquished Creatures
  2 worms (D:2)
  2 dart slugs
  2 endoplasms (D:1)
  A giant cockroach (D:1)
  4 goblins (D:1)
  2 hobgoblins (D:2)
  A quokka (D:1)
  4 ball pythons
  A bat (D:1)
  2 frilled lizards (D:1)
  4 rats (D:2)
25 creatures vanquished.

Notes
Turn   | Place    | Note
-------+----------+-------------------------------------------
     0 | D:1      | melchezedek the Minotaur Berserker began the quest for the
                  | Orb.
     0 | D:1      | Reached XP level 1. HP: 19/19 MP: 0/0
    99 | D:1      | Found Zumusy's Antique Weapon Shoppe.
   177 | D:1      | Reached XP level 2. HP: 27/27 MP: 1/1
   409 | D:1      | Found a faded altar of an unknown god.
   430 | D:1      | You fall into a shaft and drop 1 floor!
   603 | D:2      | Reached XP level 3. HP: 17/33 MP: 2/2
   622 | D:2      | Found an opulent altar of Gozag.
   627 | D:2      | Upgraded the game from 0.28-a0-1234-g826d19b2e0 to
                  | 0.29-a0-322-g68df515428
   854 | D:3      | Noticed Ijyb
   864 | D:3      | HP: 1/33 [poisoned by Ijyb]
   865 | D:3      | Succumbed to Ijyb's poison

Illustrated notes

Levels and vault maps discovered:
D:1:      dpeg_arrival_short_road, layout_basic, serial_shops, shop,
          chequers_ecumenical_altar_simple
D:2:      layout_basic, basic_altar
D:3:      layout_rooms, serial_shops, nicolae_shop_bloodbath_and_beyond,
          serial_bayou_pond_e, amcnicky_mini_corridor_feature,
          uniq_crazy_yiuf_cottage, uniq_ijyb

Skill      XL: |  1  2 |
---------------+-------+-----
Long Blades    | 4 |  4.2
Fighting       | 4 |  4.1
Armour         | |  2.9
Dodging        | |  2.6

Action                   || total
-------------------------++-------
Melee: Falchion          ||    38
       Headbutt          ||     5
 Fire: Hunting sling     ||     7
Throw: Stone             ||    12
Armor: Animal skin       ||     1
Dodge: Dodged            ||    35

Table legend: (Time is in decaauts)
 A = Elapsed time spent in this place.
 B = Non-inter-level travel time spent in this place.
 C = Inter-level travel time spent in this place.
 D = Time resting spent in this place.
 E = Time spent auto-exploring this place.
 F = Levels seen in this place.
 G = Mean time per level.
                   A        B        C        D        E       F      G
               +--------+--------+--------+--------+--------+-----+--------+
         Total |    870 |    822 |     48 |      0 |     17 |   3 |  290.0 |
       Dungeon |    870 |    822 |     48 |      0 |     17 |   3 |  290.0 |
               +--------+--------+--------+--------+--------+-----+--------+

Top non-repeatable levels by time:
     D:1: 432 daAuts
     D:2: 426 daAuts
     D:3: 11 daAuts
